 Dungeon Crawl Stone Soup version 0.27-a0-1193-g8631133539 (webtiles) character file.

Game seed: 5929698464650807442

121 Essalna the Magician (level 5, -1/40 HPs)
             Began as a Djinni Venom Mage on May 26, 2021.
             Slain by a mummy (9 damage)
             ... in an ossuary.
             The game lasted 00:07:35 (4829 turns).

Essalna the Magician (Djinni Venom Mage)            Turns: 4829, Time: 00:07:35

Health: -1/40      AC: 10    Str:  7    XL:     5   Next: 26%
Gold:   80         EV: 12    Int: 18    God:
                   SH:  0    Dex: 13

rFire    + + .     SeeInvis .   m - +0 short sword (protect)
rCold    x . .     Faith    .   (no shield)
rNeg     . . .     Spirit   .   a - +0 robe
rPois    ∞         Reflect  .   l - +0 helmet
rElec    .         Harm     .   (no cloak)
rCorr    .         Rampage  .   (no gloves)
Will     .....                  (boots unavailable)
Stlth    ++........             (no amulet)
HPRegen  0.13/turn              h - ring of wizardry
MPRegen  0.00/turn              (no ring)

@: under a protective aura, attractive, flying, hasted, very quick
A: sickness immunity, fire resistance 2, cold vulnerability 1, float, innate
caster, hp casting, extra vitality 1
a: no special abilities


You were in an ossuary.
You visited 1 branch of the dungeon, and saw 4 of its levels.
You also visited: Ossuary.

You collected 80 gold pieces.

Inventory:

Hand Weapons
 m - a +0 short sword of protection (weapon)
 n - a +1 dagger of venom
 q - a +0 war axe
Armour
 a - a +0 robe (worn)
 l - a +0 helmet (worn)
Jewellery
 h - a ring of wizardry (left hand)
Scrolls
 c - 3 scrolls of immolation
 e - a scroll of fear {unknown}
 f - 3 scrolls of vulnerability {unknown}
 g - 2 scrolls of enchant weapon {unknown}
 j - a scroll of identify {unknown}
 o - a scroll of noise {unknown}
 p - a scroll of teleportation {unknown}
Potions
 k - a potion of attraction


   Skills:
 + Level 3.0 Fighting
 - Level 2.1 Dodging
 - Level 1.5 Stealth
 + Level 3.4 Spellcasting


You couldn't memorise any spells.
You knew the following spells:

 Your Spells              Type           Power      Damage    Failure   Level
a - Sting                 Tmut/Pois      60%        1d6       1%          1
b - Poisonous Vapours     Pois/Air       30%        N/A       2%          2
c - Mephitic Cloud        Conj/Pois/Air  15%        N/A       4%          3
d - Ignite Poison         Fire/Tmut/Pois 15%        N/A       4%          3
e - Olgreb's Toxic Radia  Pois           15%        N/A       16%         4
f - Pain                  Necr           60%        1d7       1%          1
g - Corpse Rot            Necr/Air       N/A        N/A       2%          2
Your spell library was empty.

Dungeon Overview and Level Annotations

Branches:
Dungeon (4/15)            Ossuary (1/1)
 Temple: D:4-7

Altars:
Sif Muna


Innate Abilities, Weirdness & Mutations

You are immune to sickness and miasma.
You are immune to poison.
Your flesh is very heat resistant. (rF++)
You are vulnerable to cold. (rC-)
You float through the air rather than walking.
You learn spells naturally, not from books.
Your magical power is your life essence.
You have superior vitality. (+4 HP)


Message History

The mummy hits you!
You hit the mummy.
The mummy is heavily damaged.
The mummy closely misses you.
You barely miss the mummy.
The mummy is heavily damaged.
You barely miss the mummy.
The mummy is heavily damaged.
You hit the mummy.
The mummy is lightly damaged.
It was a potion of curing.
You feel better. The mummy hits you.
It was a potion of haste.
You feel yourself speed up. The mummy misses you.
It was a potion of attraction.
You feel attractive to monsters. The mummy hits you!
You completely miss the mummy.
The mummy is heavily damaged.
A bullfrog zombie comes into view.
The mummy barely misses you.
You hit the mummy.
The mummy is heavily damaged.
The mummy completely misses you.
You hit the mummy.
The mummy is heavily damaged.
The mummy misses you.
You barely miss the mummy.
The mummy is heavily damaged.
The mummy hits you!
* * * LOW HITPOINT WARNING * * *
Okay, then.
Unknown command.
As you read the scroll labelled RACSAO ACVA, it crumbles to dust.
The creatures around you are filled with an inner flame!
It was a scroll of immolation.
The mummy closely misses you.
The bullfrog zombie is pulled toward you!
There is an empty arch of ancient stone here.
There is a gate leading back out of this place here.
The mummy hits you!
You die...

###+#+#+#+#+#+#
#P.≈.........M.
#≈≈≈##'##'##+##
# #.MZ# # #.∩M#
#..@# #####


You could see 2 mummies and a bullfrog zombie.

Vanquished Creatures
  Robin (D:2)
  3 gnolls (D:2)
  An adder (D:2)
  2 dart slugs (D:1)
  2 orcs (D:3)
  3 endoplasms
  2 giant cockroaches
  11 hobgoblins
  3 kobolds
  3 quokkas
  7 ball pythons
  3 bats
  3 frilled lizards
  14 goblins
  7 rats
65 creatures vanquished.

Vanquished Creatures (others)
  2 plants (D:2)
  2 withered plants (Ossuary)
4 creatures vanquished.

Grand Total: 69 creatures vanquished

Notes
Turn   | Place    | Note
-------+----------+-------------------------------------------
     0 | D:1      | Essalna the Djinni Venom Mage began the quest for the Orb.
     0 | D:1      | Reached XP level 1. HP: 15/15 MP: 0/0
   382 | D:1      | Reached skill level 1 in Fighting
   382 | D:1      | Reached XP level 2. HP: 12/22 MP: 0/0
   840 | D:1      | Found a faded altar of an unknown god.
  1301 | D:1      | Reached XP level 3. HP: 22/27 MP: 0/0
  1301 | D:1      | Learned a level 1 spell: Pain
  2030 | D:2      | Noticed Robin
  2580 | D:2      | Killed Robin
  2581 | D:2      | Reached XP level 4. HP: 23/33 MP: 0/0
  3104 | D:2      | Reached XP level 5. HP: 33/40 MP: 0/0
  3104 | D:2      | Learned a level 2 spell: Corpse Rot
  4782 | D:4      | Found a sand-covered staircase.
  4796 | Ossuary  | Entered an ossuary
  4829 | Ossuary  | Slain by a mummy

Illustrated notes

Levels and vault maps discovered:
D:1:      evilmike_arrival_rings, layout_basic,
          ebering_ecumenical_altar_abandoned
D:2:      layout_loops_ring, serial_forest, infiniplex_forest_end_1,
          infiniplex_forest_lined_room_, infiniplex_forest_lined_2,
          infiniplex_forest_join, infiniplex_forest_clump_double,
          infiniplex_forest_corner_1, basic_altar, nrook_campfire, uniq_robin
D:3:      layout_loops_cross, st_stairs_14, minmay_close_crescents
D:4:      layout_loops_cross, jmf_multi_god_temple,
          minmay_temple_entry_butterflies, chequers_ossuary_entry_cave
Ossuary:  ossuary_zaba_flooded

Skill      XL: |  1  2  3  4  5 |
---------------+----------------+-----
Fighting       | 1 2 3 |  3.0
Spellcasting   | 3 |  3.4
Dodging        | |  2.1
Stealth        | |  1.5

Action                   |  1- 3 |  4- 6 || total
-------------------------+-------+-------++-------
Melee: Unarmed           |     6 |       ||     6
       Short sword       |       |    20 ||    20
 Cast: Sting             |    56 |     2 ||    58
       Poisonous Vapours |    25 |    48 ||    73
       Corpse Rot        |       |     2 ||     2
  Use: Potion            |       |     4 ||     4
       Scroll            |       |     1 ||     1
Armor: Robe              |     5 |     3 ||     8
Dodge: Dodged            |    17 |     7 ||    24

Table legend: (Time is in decaauts)
 A = Elapsed time spent in this place.
 B = Non-inter-level travel time spent in this place.
 C = Inter-level travel time spent in this place.
 D = Time resting spent in this place.
 E = Time spent auto-exploring this place.
 F = Levels seen in this place.
 G = Mean time per level.
                   A        B        C        D        E       F      G
               +--------+--------+--------+--------+--------+-----+--------+
         Total |   4829 |   4750 |     79 |    490 |   3838 |   5 |  965.8 |
       Dungeon |   4797 |   4718 |     79 |    490 |   3835 |   4 | 1199.2 |
       Ossuary |     31 |     31 |      0 |      0 |      3 |   1 |   31.0 |
               +--------+--------+--------+--------+--------+-----+--------+

Top non-repeatable levels by time:
     D:1: 2336 daAuts
     D:2: 1581 daAuts
     D:3: 827 daAuts
     D:4: 51 daAuts
 Ossuary: 31 daAuts
